 Dungeon Crawl Stone Soup version 0.28.0 (webtiles) character file.

Game seed: 10401008682419469571

89 issech the Cudgeller (level 4, -4/44 HPs)
             Began as a Troll Monk on Feb 12, 2022.
             Slain by an iguana (13 damage)
             ... on level 3 of the Dungeon.
             The game lasted 00:04:49 (2013 turns).

issech the Cudgeller (Troll Monk)                   Turns: 2013, Time: 00:04:49

Health: -4/44      AC:  4    Str: 19    XL:     4   Next: 31%
Magic:  3/3        EV: 10    Int:  6    God:
Gold:   152        SH:  0    Dex: 14    Spells: 3/3 levels left

rFire   . . .      SeeInvis .   a - +0 mace
rCold   . . .      Faith    .   (no shield)
rNeg    . . .      Spirit   .   b - +0 robe
rPois   .          Reflect  .   (helmet restricted)
rElec   .          Harm     .   (no cloak)
rCorr   .          Rampage  .   (gloves unavailable)
Will    .....                   (boots unavailable)
Stlth   ++........              (no amulet)
HPRegen 0.94/turn               (no ring)
MPRegen 0.08/turn               (no ring)

@: no status effects
A: large, unfitting armour, claws 3, regeneration 1, shaggy fur 1, tough skin 1
a: no special abilities


You were on level 3 of the Dungeon.
You visited 1 branch of the dungeon, and saw 3 of its levels.

You collected 152 gold pieces.

Inventory:

Hand Weapons
 a - a +0 mace (weapon)
 j - a +2 dagger of venom
 k - a +1 vampiric dagger
 s - a +2 dagger of venom
Missiles
 i - 13 arrows
Armour
 b - a +0 robe (worn)
Magical Staves
 f - a staff of air
Scrolls
 c - a scroll of vulnerability
 q - a scroll of enchant weapon {unknown}
 t - a scroll of enchant armour {unknown}
 u - a scroll of magic mapping {unknown}
 v - a scroll of fog
Potions
 e - a potion of lignification {unknown}
 g - a potion of haste {unknown}
 h - a potion of mutation {unknown}
 l - a potion of curing {unknown}
 m - a potion of might {unknown}
 n - 2 potions of brilliance {unknown}
 r - a potion of flight {unknown}


   Skills:
 + Level 2.8 Fighting
 + Level 3.7 Maces & Flails
 + Level 3.0 Dodging
 + Level 1.2 Stealth


You had 3 spell levels left.
You didn't know any spells.
Your spell library was empty.

Dungeon Overview and Level Annotations

Branches:
Dungeon (3/15)

Altars:
Makhleb


Innate Abilities, Weirdness & Mutations

You are too large for most types of armour.
You have claws for hands.
Your natural rate of healing is unusually fast.
You are covered in fur. (AC +1)
You have tough skin. (AC +1)


Message History

You hit the quokka but do no damage. The quokka bites you.
The quokka barely misses you.
You closely miss the quokka. The quokka closely misses you.
You miss the quokka. The quokka barely misses you. The quokka bites you.
You closely miss the quokka. The quokka misses you.
You closely miss the quokka. The quokka barely misses you.
The quokka bites you.
You hit the quokka.
The quokka is moderately wounded.
The quokka misses you.
You hit the quokka.
The quokka is heavily wounded.
The quokka barely misses you. The quokka closely misses you.
You completely miss the quokka.
The quokka is heavily wounded.
The quokka bites you but does no damage.
You sock the quokka!
You kill the quokka!
You see here a quokka corpse.
An iguana comes into view.
The iguana hisses angrily.
You closely miss the iguana. The iguana barely misses you.
You hit the iguana but do no damage. The iguana bites you!
You hit the iguana.
The iguana is lightly wounded.
The iguana bites you.
You barely miss the iguana.
The iguana is lightly wounded.
The iguana bites you. x2
You hit the iguana.
The iguana is heavily wounded.
The iguana bites you!
You closely miss the iguana.
The iguana is heavily wounded.
The iguana bites you!
* * * LOW HITPOINT WARNING * * *
You hit the iguana but do no damage.
The iguana is heavily wounded.
The iguana bites you!
You die...

####.##.##.###.###.#.#
...<.##.##.#
#.###.#.#######
###........#
#.#..†......... #
#.###....#
#.#.#...####### #.#
####.# #.#.##### .)#
#.# #...# #.## #.#
###.# #. #.# #.# #.
#.# #@# #. #.# #l# #.#
#.# #.# #.# #.# #..


You could see an iguana.

Vanquished Creatures
  4 adders (D:2)
  2 worms (D:2)
  2 dart slugs
  2 endoplasms
  A giant cockroach (D:2)
  2 hobgoblins (D:1)
  6 jackals (D:2)
  3 quokkas
  5 ball pythons
  3 frilled lizards
  6 goblins
  3 kobolds
  4 rats
  A toadstool (D:2)
44 creatures vanquished.

Vanquished Creatures (others)
  11 fungi (D:2)
  2 toadstools (D:2)
13 creatures vanquished.

Grand Total: 57 creatures vanquished

Notes
Turn   | Place    | Note
-------+----------+-------------------------------------------
     0 | D:1      | issech the Troll Monk began the quest for the Orb.
     0 | D:1      | Reached XP level 1. HP: 22/22 MP: 0/0
   244 | D:1      | Reached XP level 2. HP: 29/29 MP: 1/1
   999 | D:2      | Reached XP level 3. HP: 31/36 MP: 2/2
  1181 | D:2      | Found a burning altar of Makhleb.
  1333 | D:2      | Reached XP level 4. HP: 29/44 MP: 3/3
  2013 | D:3      | Slain by an iguana

Illustrated notes

Levels and vault maps discovered:
D:1:      dpeg_arrival_more_subterranean_lakeside_camping, layout_basic,
          minmay_distorted
D:2:      layout_basic, basic_altar, minmay_gold_behind_fungi
D:3:      layout_loops_ring, uniq_crazy_yiuf_cottage

Skill      XL: |  1  2  3  4 |
---------------+-------------+-----
Maces & Flails | 3 |  3.7
Dodging        | 3 |  3.0
Fighting       | |  2.8
Stealth        | |  1.2

Action                   |  1- 3 |  4- 6 || total
-------------------------+-------+-------++-------
Melee: Mace              |   120 |    46 ||   166
  Use: Scroll            |       |     5 ||     5
 Stab: Sleeping          |     2 |     1 ||     3
Armor: Robe              |    36 |     9 ||    45
Dodge: Dodged            |    56 |    22 ||    78
